 Dungeon Crawl Stone Soup version 0.28-b1-70-g80dc712255 (webtiles) character file.

Game seed: 9406964671167719954

29 cbfl8 the Sneak (level 3, 0/33 HPs)
             Began as a Minotaur Delver on Feb 3, 2022.
             Slain by a hound (5 damage)
             ... on level 5 of the Dungeon.
             The game lasted 00:00:23 (104 turns).

cbfl8 the Sneak (Minotaur Delver)                    Turns: 104, Time: 00:00:24

Health: 0/33       AC:  3    Str: 18    XL:     3   Next: 1%
Magic:  2/2        EV: 12    Int:  7    God:
Gold:   0          SH:  0    Dex: 11    Spells: 2/2 levels left

rFire   . . .      SeeInvis .   a - +0 hand axe
rCold   . . .      Faith    .   (no shield)
rNeg    . . .      Spirit   .   b - +0 leather armour
rPois   .          Reflect  .   (helmet restricted)
rElec   .          Harm     .   (no cloak)
rCorr   .          Rampage  .   (no gloves)
Will    .....                   (no boots)
Stlth   ++........              (no amulet)
HPRegen 0.11/turn               (no ring)
MPRegen 0.08/turn               (no ring)

@: no status effects
A: horns 2, retaliatory headbutt
a: no special abilities


You were on level 5 of the Dungeon.
You visited 1 branch of the dungeon, and saw 1 of its levels.

Inventory:

Hand Weapons
 a - a +0 hand axe (weapon)
Armour
 b - a +0 leather armour (worn)
Wands
 g - a wand of digging (3)
Scrolls
 c - a scroll of fog
 d - a scroll of magic mapping
 e - a scroll of fear
 h - a scroll of silence {unknown}
Potions
 f - a potion of haste


   Skills:
 + Level 3.8 Fighting
 + Level 2.5 Axes
 + Level 0.2 Armour
 + Level 2.3 Dodging
 + Level 4.7 Stealth


You had 2 spell levels left.
You didn't know any spells.
Your spell library was empty.

Dungeon Overview and Level Annotations

Branches:
Dungeon (5/15)
 Temple: D:4-7

Altars:


Innate Abilities, Weirdness & Mutations

You have a pair of horns on your head.
You reflexively headbutt those who attack you in melee.


Message History

You destroy the bullfrog skeleton!
You have reached level 2!
You start resting.
A hound comes into view.
The hound moves out of view.
You start resting.
A hound is nearby!
An orc comes into view. It is wielding a +0 short sword.
You see here a wand of acid (8).
There are monsters nearby!
There are monsters nearby!
The hound barks!
You hear an angry hiss.
You hear a shout!
An iguana comes into view.
The hound bites you.
An orc wizard comes into view.
It is wielding a +0 dagger of holy wrath.
The orc closely misses you. The hound bites you.
The orc hits you with a +0 short sword. The hound completely misses you.
An orc comes into view. It is wielding a +0 whip.
You see here a wand of acid (8).
The hound bites you.
* * * LOW HITPOINT WARNING * * *
The orc closely misses you. You furiously retaliate!
You headbutt the orc!
You kill the orc!
The hound barely misses you.
You have reached level 3!
Your experience leads to an increase in your attributes!
Increase (S)trength, (I)ntelligence, or (D)exterity?
You feel stronger. x2
You closely miss the hound. The hound bites you but does no damage.
The hound bites you.
* * * LOW HITPOINT WARNING * * *
The orc shouts!
You hit the iguana but do no damage. You closely miss the hound.
You hit the orc wizard. The iguana completely misses you.
The hound barely misses you.
The orc wizard hits you with a +0 dagger of holy wrath.
* * * LOW HITPOINT WARNING * * *
The iguana barely misses you. You furiously retaliate!
You headbutt the iguana. The hound bites you.
You die...

#.. #.. ....#....# #.. .
#........# #.. ...
#h......# #.. ...###
#.....(# #.. ......###
#......# #..
........####......# ##..
......l.@.##......####...
......oh)..#.............
...............###.......
...............# ####....
....o...........# ###..
..................# ...
...................# ....
.........................
......................##


You could see an iguana, a hound, an orc wizard and an orc.

Vanquished Creatures
  A bullfrog skeleton (D:5)
  An orc (D:5)
2 creatures vanquished.

Notes
Turn   | Place    | Note
-------+----------+-------------------------------------------
     0 | D:5      | cbfl8 the Minotaur Delver began the quest for the Orb.
     0 | D:5      | Reached XP level 1. HP: 19/19 MP: 0/0
    80 | D:5      | Reached XP level 2. HP: 16/27 MP: 1/1
   102 | D:5      | Reached XP level 3. HP: 9/33 MP: 2/2
   104 | D:5      | Slain by a hound

Illustrated notes

Levels and vault maps discovered:
D:5:      layout_layer_cave

Action                   || total
-------------------------++-------
Melee: Hand axe          ||     7
 Stab: Sleeping          ||     1
Armor: Leather armour    ||     2
Dodge: Dodged            ||    10
